 Dungeon Crawl Stone Soup version 0.21-a0-507-ga8f6b7a (webtiles) character file.

533 Celandrion the Charlatan (level 7, 0/52 HPs)
             Began as a Demonspawn Artificer on Nov 27, 2017.
             Succumbed to a worker ant's poison
             ... on level 4 of the Dungeon on Nov 28, 2017.
             The game lasted 00:15:05 (4646 turns).

Celandrion the Charlatan (Demonspawn Artificer)     Turns: 4646, Time: 00:15:05

Health: 0/52       AC:  6    Str: 14    XL:     7   Next: 4%
Magic:  10/10      EV: 14    Int: 13    God:
Gold:   282        SH:  0    Dex: 13    Spells: 6/6 levels left

rFire    . . .     SeeInvis .   a - +0 long sword
rCold    . . .     Gourm    .   (no shield)
rNeg     . . .     Faith    .   n - +1 ring mail
rPois    .         Spirit   .   (no helmet)
rElec    .         Reflect  .   (no cloak)
rCorr    .         Harm     .   (no gloves)
MR       .....                  (no boots)
Stlth    ++........             (no amulet)
HPRegen  0.17/turn              (no ring)
MPRegen  0.12/turn              (no ring)

@: lethally poisoned (0 -> -25)
A: hooves 1, repulsion field 1, nightstalker 1, spiny 1
a: no special abilities


You were on level 4 of the Dungeon.
You were not hungry.

You visited 1 branch of the dungeon, and saw 4 of its levels.

You collected 282 gold pieces.

Inventory:

Hand Weapons
 a - a +0 long sword (weapon)
 b - a +0 hunting sling
Missiles
 p - 19 sling bullets
 q - 92 stones (quivered)
Armour
 n - a +1 ring mail (worn)
Jewellery
 x - a +2 ring of strength {unknown}
Wands
 d - a wand of enslavement (10)
 e - a wand of random effects (7)
Scrolls
 u - a scroll of enchant armour
Potions
 g - a potion of curing
 i - a potion of magic {unknown}
 k - 2 potions of heal wounds {unknown}
 o - a potion of mutation {unknown}
 r - a potion of haste {unknown}
 w - a potion of might {unknown}
Books
 j - a book of Callings

   Spells                             Type                      Level
   a - Summon Small Mammal            Summoning                    1
   b - Call Imp                       Summoning                    2
   c - Call Canine Familiar           Summoning                    3
   d - Summon Guardian Golem          Hexes/Summoning              3
   e - Summon Lightning Spire         Summoning/Air                4
   f - Summon Ice Beast               Ice/Summoning                4
Comestibles
 f - 3 bread rations
 h - 2 meat rations
 l - 2 royal jellies


   Skills:
 + Level 3.6 Fighting
   Level 2.8(3.0) Short Blades
 + Level 1.5(2.4) Long Blades
 + Level 3.8 Dodging
 - Level 0.8 Stealth
 + Level 4.7 Evocations


You had 6 spell levels left.
You didn't know any spells.

Dungeon Overview and Level Annotations

Branches:
Dungeon (4/15)
 Temple: D:4-7

Altars:
Dithmenos
Trog
Uskayaw
Wu Jian

Annotations:
D:4 Dowan


Innate Abilities, Weirdness & Mutations

You have large cloven feet.
You are surrounded by a mild repulsion field. (EV +2)
You are slightly more attuned to the shadows.
You are partially covered in sharp spines.


Message History

Aiming: Throw Flame
Press: ? - help, Shift-Dir - straight line, f/p - worker ant
Aim: a worker ant (almost dead)
The puff of flame misses the worker ant.
The now-empty wand crumbles to dust.
* * * LOW HITPOINT WARNING * * *
You feel very sick.
The worker ant bites you but does no damage.
Evoke which item? (* to show all) (? for menu, Esc to quit)
Aiming: Random Effects
Press: ? - help, Shift-Dir - straight line, f/p - worker ant
Aim: a worker ant (almost dead)
The mass of ice explodes!
The iceblast engulfs the worker ant.
You kill the worker ant!
You have reached level 7!
Your demonic ancestry asserts itself...
Sharp spines emerge from parts of your body.
The iceblast engulfs you!
* * * LOW HITPOINT WARNING * * *
You die...

### ... ########
#.######.. .[.#
###......#.####.######
#?.....#.#.#.†@......#
#.#.##.......##..###.#
#.....##.#.####.## #
.....#.##.#......##
#### #a##.######..#
....... ##.# .........
#.# ..#.#...... #.#
#..#.#.......##.####


There were no monsters in sight!

Vanquished Creatures
  Duvessa (D:4)
  A scorpion (D:4)
  The ghost of p0werm0de the Insei, a weakling OpGl (D:3)
  A centaur zombie (D:4)
  2 orc priests
  An orc wizard (D:3)
  2 worker ants
  8 adders
  3 worms
  4 dart slugs
  A leopard gecko (D:3)
  8 orcs
  2 ball pythons (D:2)
  4 bats
  4 giant cockroaches
  7 goblins
  8 hobgoblins
  7 jackals
  9 kobolds
  9 frilled lizards
  11 rats
94 creatures vanquished.

Vanquished Creatures (collateral kills)
  2 orcs (D:4)
  A jackal (D:4)
3 creatures vanquished.

Vanquished Creatures (others)
  An orc (D:3)
1 creature vanquished.

Grand Total: 98 creatures vanquished

Notes
Turn   | Place    | Note
-------+----------+-------------------------------------------
     0 | D:1      | Celandrion the Demonspawn Artificer began the quest for the Orb.
     0 | D:1      | Reached XP level 1. HP: 15/15 MP: 3/3
    28 | D:1      | Reached skill level 1 in Short Blades
   300 | D:1      | Gained mutation: You are surrounded by a mild repulsion field. (EV +2) [demonic ancestry]
   300 | D:1      | Reached XP level 2. HP: 21/21 MP: 4/4
  1119 | D:2      | Gained mutation: You have large cloven feet. [demonic ancestry]
  1119 | D:2      | Reached XP level 3. HP: 26/26 MP: 5/5
  1663 | D:2      | Reached XP level 4. HP: 31/33 MP: 6/6
  2036 | D:2      | Found an ornate altar of the Wu Jian Council.
  2469 | D:3      | Gained mutation: You are slightly more attuned to the shadows. [demonic ancestry]
  2469 | D:3      | Reached XP level 5. HP: 24/39 MP: 7/7
  2701 | D:3      | Found a faded altar of an unknown god.
  2703 | D:3      | Noticed p0werm0de's ghost (weakling OpGl)
  2818 | D:2      | Reached skill level 4 in Evocations
  3142 | D:3      | Found a shadowy altar of Dithmenos.
  3363 | D:3      | Killed p0werm0de's ghost
  3562 | D:3      | Reached XP level 6. HP: 27/47 MP: 9/9
  4274 | D:4      | Noticed Duvessa
  4274 | D:4      | Noticed Dowan
  4357 | D:4      | Killed Duvessa
  4357 | D:4      | Reached skill level 1 in Long Blades
  4527 | D:4      | Found a hide-covered altar of Uskayaw.
  4590 | D:4      | Found a bloodstained altar of Trog.
  4646 | D:4      | Gained mutation: You are partially covered in sharp spines. [demonic ancestry]
  4646 | D:4      | Reached XP level 7. HP: 11/52 MP: 10/10
  4646 | D:4      | HP: 2/52 [shot self (9)]
  4646 | D:4      | Succumbed to a worker ant's poison

Vault maps used:
D:1:      dpeg_arrival_tiny_b
D:2:      old_standard_altar, first_bread, minivault_19
D:3:      nicolae_overflow_crystal_walls, chequers_ecumenical_altar_simple_redux
D:4:      lemuel_crystal_altar, nicolae_gozag_zags_fifth_avenue,
          nicolae_overflow_hidden_temple, gammafunk_temple_overflow_elements,
          cheibrodos_sewer_entry_drain, uniq_duvessa, uniq_robin, uniq_grinder

Skill      XL: |  1  2  3  4  5  6 |
---------------+-------------------+-----
Short Blades   | 1 2 |  2.8
Dodging        | 2 3 |  3.8
Fighting       | 2 3 |  3.6
Evocations     | 4 |  4.7
Long Blades    | 1 |  1.5
Stealth        | |  0.8

Action                   |  1- 3 |  4- 6 |  7- 9 || total
-------------------------+-------+-------+-------++-------
Melee: Short sword       |   111 |   134 |       ||   245
       Kick              |    10 |    67 |       ||    77
       Long sword        |       |    76 |       ||    76
 Fire: Hunting sling     |       |    66 |       ||    66
Throw: Stone             |       |     1 |       ||     1
Evoke: Wand              |    10 |    17 |     1 ||    28
  Use: Potion            |     1 |     6 |       ||     7
       Scroll            |       |     4 |       ||     4
 Stab: Sleeping          |     3 |       |       ||     3
  Eat: Chunk             |     2 |     8 |       ||    10
       Fruit             |       |     2 |       ||     2
Armor: Leather armour    |     5 |       |       ||     5
       Ring mail         |    21 |    44 |       ||    65
Dodge: Dodged            |    79 |   143 |       ||   222
       Rpst.: Long sword |       |    25 |       ||    25

Table legend:
 A = Spawn XP
 B = Non-spawn XP
 C = Spawn XP percentage of total XP
 D = Spawn monster count
 E = Non-spawn monster count
 F = Spawn count percentage of total count
 G = Total turns spent on level
                    A         B        C        D         E        F      G
               +---------+---------+-------+---------+---------+-------+---------
         Total |       0 |     762 |   0.0 |       0 |      97 |   0.0 |  4646
               +---------+---------+-------+---------+---------+-------+---------
           D:1 |       0 |      37 |   0.0 |       0 |      20 |   0.0 |  1094
           D:2 |       0 |     175 |   0.0 |       0 |      33 |   0.0 |  1505
           D:3 |       0 |     227 |   0.0 |       0 |      29 |   0.0 |  1641
           D:4 |       0 |     323 |   0.0 |       0 |      15 |   0.0 |   406
               +---------+---------+-------+---------+---------+-------+---------
